[Event "14th Karen Asrian Memorial 2024"]
[Site "Yerevan"]
[Date "2024.05.01"]
[Round "8.5"]
[White "Babujian, Levon"]
[Black "Sukiasyan, Vahe A."]
[Result "0-1"]
[ECO "C50"]
[WhiteElo "2338"]
[BlackElo "2258"]
[Annotator "TA"]
[PlyCount "140"]
[EventDate "2024.04.24"]
[EventType "swiss"]
[EventCountry "ARM"]
[SourceTitle "playchess.com"]
[Source "ChessBase"]
[SourceQuality "1"]
[TimeControl "40/5400+30:1800+30"]

1. e4 e5 2. Nf3 Nc6 3. Bc4 Nf6 4. Nc3 Bc5 5. d3 h6 6. Be3 Bxe3 7. fxe3 d6 8. O-O O-O 9. a4 {[%emt 0:03:07] C50: Hungarian Defence and Giuoco Pianissimo.} a5 10. Qd2 $146 ({Predecessor:} 10. d4 exd4 11. exd4 Nxe4 12. Nxe4 d5 13. Bd3 dxe4 14. Bxe4 Qd6 15. c3 Bd7 16. Qb3 {1-0 So,W (2769)-Eljanov,P (2695) Julius Baer Rapid Div 1 W 2023 (1.1)}) 10... Ne7 11. d4 Ng6 12. h3 Re8 13. Qf2 Be6 14. d5 Bd7 15. g4 h5 16. gxh5 Nxh5 17. Kh2 Nf8 18. Rg1 Nh7 19. Raf1 Qf6 20. Be2 Re7 21. Qg2 Qh6 22. Nh4 N5f6 23. Qg3 Kh8 24. Bb5 g6 25. Bxd7 Rxd7 26. Rf3 Nh5 27. Qf2 Ng5 28. Rf6 Rg8 29. Qf5 Kh7 (29... gxf5 $2 30. Rxh6+ Nh7 $18) (29... Qg7 $1 $11) 30. Rxg6 $16 (30. Qxd7 $2 Nxf6 31. Qb5 Qxh4 $19) 30... fxg6 31. Qxd7+ Rg7 32. Qg4 $1 Nf7 33. Rf1 Ng5 $2 (33... Qxe3 $2 34. Rxf7 Qd2+ 35. Kg1 $18) (33... Nh8 $16) 34. Nd1 (34. Nb5 $1 $18) 34... c6 (34... b6 $16 {keeps fighting.} 35. Rf2 Nf7) 35. c4 cxd5 (35... Nf7 $142 36. Rf2 Ng5) 36. exd5 $18 b6 37. b3 e4 38. Nc3 Re7 39. Nb5 Nf7 (39... Rf7 $142 40. Rxf7+ Nxf7) 40. Nd4 $18 Ne5 41. Qxe4 Qg5 42. Rg1 Qf6 43. Ne6 Kh6 $2 (43... Rxe6 44. dxe6 Qf2+ 45. Rg2 Qxh4 46. Qxh4 Nf3+ 47. Kh1 Nxh4) 44. Kh1 (44. Nf8 $142 Qf2+ 45. Rg2) 44... Rf7 $18 45. Ng5 Rf8 $2 (45... Re7 46. Ne6 Rf7) 46. Ngf3 $18 g5 47. Nxg5 Qxg5 48. Rxg5 Kxg5 49. Kg2 Rf7 50. Qd4 Rf6 (50... Rg7 $142 51. Qe4 Rf7) 51. Qe4 (51. b4 $142) 51... Rf7 $1 $18 52. Qd4 Rf6 $1 53. Qxb6 Kxh4 54. Qxa5 $2 ({White should try} 54. Qd4+ $18 Kg5 55. c5) 54... Rg6+ $11 55. Kf2 Ng3 $2 (55... Kxh3 $11 56. e4 Nf6 (56... Rg2+ 57. Ke3 $11)) 56. Qd8+ $18 Kxh3 {[%emt 0:00:05] [#]} 57. Qh8+ $1 Kg4 58. a5 $2 (58. Qc8+ $18 Kh4 59. Ke1 Nf3+ 60. Kd1) 58... Nd3+ $11 59. Kg2 (59. Kg1 $5 Kf3 $8 60. Qh3 $11) 59... Ne1+ 60. Kf2 (60. Kg1 $5 Kf3 $8 61. Qh2 $11 (61. Qf8+ Ke2 $11)) 60... Nd3+ 61. Kg2 (61. Kg1 $5 Kf3 $8 62. Qh3 $11) 61... Ne1+ 62. Kg1 Kf3 $1 63. Qf8+ (63. Qh2 $5 Nd3 $8 64. Qg2+ Kxe3 65. Kh2 $11) 63... Ke2 $1 64. Qf2+ Kd1 65. Kh2 $1 Ne2 (65... Ne4 $1 $11 66. Qf5 (66. Qf4 $2 Ke2 $19) 66... Rh6+ 67. Kg1 Rh4 (67... Rh1+ $2 68. Kxh1 Ng3+ 69. Kg1 $18)) 66. Kh3 $1 $14 Kd2 $1 67. Kh4 Nd3 68. Qf8 (68. Kh5 $14 Rg8 (68... Nxf2 $2 69. Kxg6 Nc1 70. c5 $18) 69. Qf7 (69. Qf6 Ne5 $14)) 68... Ne5 $11 69. a6 (69. c5 Kxe3 70. Qf5 (70. cxd6 Nf4) 70... Rg2 $19 (70... Nf4 71. Qxg6 Nexg6+ 72. Kg5 $15) (70... Nf4 71. Qxg6 Nexg6+ 72. Kg5 $11)) 69... Kxe3 70. a7 $2 {[%emt 0:00:34][%mdl 8192] [#]} (70. Qf5 $11 Rg8 (70... Nf4 $2 71. Qxg6 Nf3+ 72. Kg3 $18) 71. Qg5+ Rxg5 72. Kxg5) 70... Nf4 $1 ({Not} 70... Rg4+ $2 71. Kh5 Rg6 72. a8=Q $18 (72. a8=B {leads to mate.} Ng3+ 73. Kh4 Nf3+)) 0-1

[Event "14th Karen Asrian Memorial 2024"]
[Site "Yerevan"]
[Date "2024.05.01"]
[Round "8.7"]
[White "Nalbandyan, Vahan"]
[Black "Davtyan, Artur"]
[Result "0-1"]
[ECO "B22"]
[WhiteElo "2110"]
[BlackElo "2474"]
[Annotator "RC"]
[PlyCount "108"]
[EventDate "2024.04.24"]
[EventType "swiss"]
[EventCountry "ARM"]
[SourceTitle "playchess.com"]
[Source "ChessBase"]
[SourceQuality "1"]
[TimeControl "40/5400+30:1800+30"]

1. e4 c5 2. c3 Nf6 3. e5 Nd5 4. Nf3 d6 5. d4 cxd4 6. cxd4 Nc6 7. Bc4 Nb6 8. Bb3 d5 9. h3 Bf5 10. Nc3 e6 11. Bg5 Be7 12. Bxe7 Qxe7 13. O-O O-O 14. Bc2 Bg6 15. Bxg6 fxg6 16. Rc1 Rf5 17. Ne2 Raf8 18. Rc3 Nc4 19. b3 Na3 20. Ne1 Nb4 21. Nd3 a5 22. Nxb4 axb4 23. Rc5 Rxe5 24. Ng3 h5 25. h4 Ref5 26. Nxf5 Rxf5 27. g3 b6 28. Rc8+ Kh7 29. Qe2 Qd7 30. Qa6 Nb5 31. Qa8 g5 32. Rh8+ Kg6 33. hxg5 Rxg5 34. Qb8 Nxd4 35. Kg2 Nf5 36. Qxb6 h4 37. Re1 hxg3 38. f4 Rh5 39. Rxe6+ Kf7 40. Rhe8 d4 41. Rd8 Qxe6 42. Rf8+ Kxf8 43. Qxe6 Ne7 44. Kxg3 d3 45. Qe1 Rd5 46. Qd2 Nf5+ 47. Kf2 Kf7 48. Ke1 Rd4 49. Kd1 g6 50. Kc1 Nd6 51. Qe3 d2+ 52. Kd1 Nb5 53. Qxd4 Nxd4 54. Kxd2 Ke6 0-1

[Event "14th Karen Asrian Memorial 2024"]
[Site "Yerevan"]
[Date "2024.05.01"]
[Round "8.8"]
[White "Hakobyan, Erik"]
[Black "Hakobyan, Menua"]
[Result "1-0"]
[ECO "D37"]
[WhiteElo "2383"]
[BlackElo "2107"]
[Annotator "TA"]
[PlyCount "87"]
[EventDate "2024.04.24"]
[EventType "swiss"]
[EventCountry "ARM"]
[SourceTitle "playchess.com"]
[Source "ChessBase"]
[SourceQuality "1"]
[TimeControl "40/5400+30:1800+30"]

1. c4 e6 2. Nf3 d5 3. e3 Nf6 4. Nc3 c5 5. d4 a6 6. a3 dxc4 7. Bxc4 b5 8. Bd3 Bb7 9. dxc5 Bxc5 10. O-O O-O 11. b4 Bd6 12. Bb2 h6 13. Rc1 {[%emt 0:06:13] The position is equal.} Qe7 14. Qe2 Nbd7 15. Rfd1 Rfd8 16. Nd2 Ne5 17. Bb1 Rac8 18. Nce4 Nxe4 19. Rxc8 Rxc8 20. Bxe4 Bxe4 21. Nxe4 Nc4 22. Nxd6 Nxd6 23. Qg4 {[%emt 0:01:05][%csl Gb2][%cal Rg4g7] [#]} f6 24. Bd4 Nb7 {[%emt 0:03:09] Dodges Bc5} 25. h3 Rc4 26. Qg6 e5 27. Ba7 Rc8 28. Qg4 Rd8 29. Rc1 Rd6 $2 {[%emt 0:04:46][%mdl 8192] Dodges Bb6} (29... Qd7 $11 {and Black stays safe.}) 30. Bb8 (30. Rc8+ $18 {and the rest is easy.} Rd8 31. Bc5) 30... Rd7 $16 31. Rc8+ Nd8 32. Qe4 {[%emt 0:00:42] White has more active pieces.} ({White should try} 32. Qf5 $16) 32... Rd1+ 33. Kh2 {[%emt 0:00:06] [#] Qc6 would now be deadly.} Kf7 (33... Qe6 $1 $11 {remains equal.} 34. Rc7 Rd7) 34. Qa8 $36 {[%emt 0:01:23][%mdl 2048] Keeping Black busy.} Ne6 (34... Kg6 $16) 35. Qxa6 Qd7 36. Rc6 Rf1 $2 (36... Rd5 37. Rb6 Nd8) 37. Rd6 $18 ({Less strong is} 37. Qxb5 Rc1 38. Rb6 Qd2 $16) 37... Qe8 38. Qb7+ Kg6 39. f3 Kh7 (39... Ng5 $142 40. Rd7 Qg8) 40. Qe4+ Kh8 41. Qc6 (41. Ba7 $142) 41... Qxb8 $2 (41... Qxc6 42. Rxc6 Ng5) 42. Rxe6 {[%emt 0:00:11] White is clearly winning.} Kh7 43. Re8 Qa7 44. Qc2+ {[%emt 0:01:07] Weighted Error Value: White=0.27 (precise) /Black=0.50.  Loses game:     	---       	Black=1      Missed win:     	White=1     	---        Mistake:       	White=2     	Black=5      Inaccurate:     	White=3     	---        OK:         	White=13    	Black=10     Best:        	White=4     	Black=2} 1-0

[Event "14th Karen Asrian Memorial 2024"]
[Site "Yerevan"]
[Date "2024.05.02"]
[Round "9.1"]
[White "Petrosyan, Manuel"]
[Black "Andriasian, Zaven"]
[Result "1-0"]
[ECO "B51"]
[WhiteElo "2616"]
[BlackElo "2570"]
[Annotator "TA"]
[PlyCount "103"]
[EventDate "2024.04.24"]
[EventType "swiss"]
[EventCountry "ARM"]
[SourceTitle "playchess.com"]
[Source "ChessBase"]
[SourceQuality "1"]
[TimeControl "40/5400+30:1800+30"]

1. e4 c5 2. Nf3 d6 3. Bb5+ Nc6 4. O-O Bd7 5. Re1 Nf6 6. c3 a6 7. Bf1 Bg4 8. d4 e5 (8... cxd4 $11 {remains equal.} 9. cxd4 e5) 9. dxc5 dxc5 10. Qxd8+ Rxd8 {[%emt 0:00:08] White is slightly better.} 11. Nfd2 Be7 12. a4 Nd7 13. Nc4 Be6 14. a5 O-O 15. Be3 g6 16. Nbd2 f5 ({Black should try} 16... Kg7 $14) 17. Bh6 $1 $16 Rfe8 18. exf5 gxf5 {[%emt 0:01:44] [#]} 19. Nf3 $1 e4 20. Ng5 Bf8 21. Nxe6 Rxe6 22. Bf4 Nde5 23. Bxe5 Nxe5 24. f4 Nc6 25. Red1 Ree8 26. Be2 Be7 27. Ne3 Bd6 28. g3 (28. Nxf5 Bxf4 29. Rf1 Bc7 $11) 28... Ne7 29. Bc4+ Kg7 30. Bd5 {[%emt 0:00:54] White has more active pieces.} c4 31. Bxc4 (31. Bxb7 $2 Bc5 32. Kf1 (32. Kf2 $2 Rd3 $19) 32... Bxe3 $19) 31... Bc5 32. Kf2 h5 {[%emt 0:01:23] [#]} 33. h4 $1 Kf6 34. Ke2 Bxe3 (34... Rf8 $16 35. Rxd8 Rxd8) 35. Kxe3 $18 Nc8 36. Be2 Nd6 37. Rd4 (37. Bxh5 Nc4+ 38. Kf2 Nxb2 $18) 37... Rg8 38. Rg1 (38. Bxh5 Rxg3+ 39. Kf2 Rh3 $11) 38... Nf7 39. Rxd8 Nxd8 40. Bxh5 {[%emt 0:00:00][%mdl 4096] Endgame. KRB-KRN} Nc6 41. b4 Ne7 42. Kd4 {[%emt 0:02:04] Dodges Nd5} Rh8 43. Be2 Rd8+ 44. Kc5 {[%emt 0:00:53] aiming for Rd1.} Rd2 45. Bc4 Rc2 $2 (45... Rd7 46. b5 Rc7+ 47. Kb4 axb5 48. Kxb5 Nc8) 46. Rd1 {[%emt 0:00:08] White is clearly winning.} Rxc3 47. Rd6+ Kg7 48. Rd7 Kf8 49. Rxb7 e3 50. Rb8+ (50. Kd4 Rxc4+ 51. Kxe3 (51. Kxc4 $2 e2 $19) 51... Nd5+ 52. Kd3 Rxb4 $17 (52... Nxb4+ $2 53. Kxc4 Nc2 54. Kd3 $18)) 50... Kg7 51. Rb6 e2 52. Re6 {[%emt 0:00:33] Weighted Error Value: White=0.15 (very precise) /Black=0.24 (precise) .  Mistake:       	---       	Black=3      Inaccurate:     	White=3     	Black=1      OK:         	White=17    	Black=11     Best:        	White=2     	Black=1      Strong:       	White=2     	---} (52. Rxa6 {leads to mate.} e1=Q (52... e1=R 53. Ra7 $17) 53. h5 Qe4 (53... Rxg3 $2 54. Re6 $19) (53... Rxc4+ $2 54. Kxc4 Qf1+ 55. Kc5 $19) 54. h6+ Kh7 55. Rf6 Qxc4+ 56. Kb6 Nd5+ (56... Qxb4+ {is a self mate.} 57. Ka6 Rc6+ 58. Rxc6 Nxc6 59. g4 Qb8 60. gxf5 Nb4#) 57. Ka7 Qc7+ (57... Nxf6 58. Kb6 Qxb4+ 59. Ka6 Rc5 60. Ka7 Rxa5#) 58. Ka6 Qc8+ (58... Nxf6 59. b5 Qc8+ 60. Kb6 Nd7+ 61. Ka7 Rc7#) 59. Kb5 Qc4+ 60. Ka4 Qxb4#) 1-0

[Event "14th Karen Asrian Memorial 2024"]
[Site "Yerevan"]
[Date "2024.05.02"]
[Round "9.2"]
[White "Sukiasyan, Vahe A."]
[Black "Pranesh M"]
[Result "1-0"]
[ECO "D46"]
[WhiteElo "2258"]
[BlackElo "2538"]
[Annotator "TA"]
[PlyCount "91"]
[EventDate "2024.04.24"]
[EventType "swiss"]
[EventCountry "ARM"]
[SourceTitle "playchess.com"]
[Source "ChessBase"]
[SourceQuality "1"]
[TimeControl "40/5400+30:1800+30"]

1. d4 d5 2. c4 e6 3. Nf3 c6 4. e3 Nf6 5. Nc3 Nbd7 6. Qc2 Bd6 7. Bd3 O-O 8. O-O dxc4 9. Bxc4 e5 10. h3 Qe7 11. Re1 (11. Bb3 $14) 11... e4 $11 12. Ng5 Nb6 13. Bb3 {[%emt 0:00:04][%cal Rg5e4] Black has an edge.} Bb4 14. f3 $1 exf3 15. Nxf3 c5 (15... a5 $11 16. Qd3 Be6) 16. a3 $14 Ba5 17. Ba2 {[%emt 0:04:41] White is more active.} Be6 18. Bb1 h6 $2 {[%emt 0:04:09][%mdl 8192] Black is now going downhill.} (18... Nbd7 $11) 19. e4 $18 Nh7 (19... cxd4 {was necessary.} 20. e5 (20. Nxd4 Qc5 $16) 20... Qc5 (20... dxc3 $2 21. exf6 Qc5+ 22. Be3 $18)) 20. d5 Bd7 21. e5 {[%emt 0:01:13][%csl Gb1][%cal Rc2h7] [#]} g6 22. e6 fxe6 23. Qxg6+ (23. Bxh6 Rf5 24. Qf2 Bxc3 $18) 23... Qg7 24. dxe6 ({Don't do} 24. Bxh6 Qxg6 25. Bxg6 Bxc3 $18) 24... Be8 25. Qxh6 Qxh6 26. Bxh6 Rf6 27. Bxh7+ Kxh7 28. Bg5 Rg6 29. h4 Nc4 30. Re2 Bc6 31. Ne4 Kg7 32. Nxc5 Bb6 33. b4 a5 {[%emt 0:00:28] ...axb4 would now be deadly.} 34. Rc1 Nxa3 35. Nd4 axb4 36. Nxc6 bxc6 37. Kh2 {[%emt 0:01:57] e7 is the strong threat.} Re8 38. e7 Bxc5 (38... b3 $142 39. Nxb3 (39. Ne6+ Rxe6 40. Rxe6 b2 $18) 39... Nb5) 39. Rxc5 {[%emt 0:00:04] Hoping for h5.} Nb5 40. h5 Rd6 41. Rf5 {[%emt 0:05:02] Black must now prevent Ref2.} Nc7 42. Ref2 {[%emt 0:02:18] White mates.} Ne6 43. Rf7+ Kg8 {[%emt 0:00:15] [#]} 44. h6 $1 Nxg5 (44... c5 45. R2f3) 45. Rg7+ Kh8 46. Rf8+ {[%emt 0:00:03] Weighted Error Value: White=0.11 (very precise) /Black=0.48.  Loses game:     	---       	Black=1      Mistake:       	---       	Black=3      Inaccurate:     	White=2     	Black=1      OK:         	White=10    	Black=11     Best:        	White=4     	Black=1      Strong:       	White=1     	---} 1-0

[Event "14th Karen Asrian Memorial 2024"]
[Site "Yerevan"]
[Date "2024.05.02"]
[Round "9.3"]
[White "Pogosyan, Stefan"]
[Black "Hayrapetyan, Hovik"]
[Result "1-0"]
[ECO "D27"]
[WhiteElo "2387"]
[BlackElo "2432"]
[Annotator "TA"]
[PlyCount "99"]
[EventDate "2024.04.24"]
[EventType "swiss"]
[EventCountry "ARM"]
[SourceTitle "playchess.com"]
[Source "ChessBase"]
[SourceQuality "1"]
[TimeControl "40/5400+30:1800+30"]

1. c4 Nf6 2. Nc3 e6 3. Nf3 d5 4. e3 dxc4 5. Bxc4 a6 6. a4 c5 7. d4 cxd4 8. exd4 Be7 9. O-O O-O {[%emt 0:00:03] D27: Queen's Gambit Accepted: Classical main line: 7 e4!? and 7 a4.} 10. d5 exd5 11. Nxd5 Nxd5 12. Bxd5 Nd7 13. Nd4 $146 ({Predecessor:} 13. Be3 Nf6 14. Bc4 Qxd1 15. Rfxd1 Bd7 16. Ne5 Be6 17. Bxe6 fxe6 18. Nd7 Rfd8 19. Nb6 Rxd1+ 20. Rxd1 Rd8 21. Rxd8+ {½-½ Zhuravlev,K (2189)-Gudkov,A (2316) RUS RCCA25/B email 2017}) 13... Nc5 14. Qf3 Be6 (14... Qb6 $14) 15. Nf5 (15. Bxb7 $16 {And now Nc6 would win.} Nxb7 16. Nxe6 (16. Qxb7 Qxd4 17. Qxe7 Rfc8 $11) 16... fxe6 17. Qxb7) 15... Bxd5 $11 {[%emt 0:04:21] [#]} 16. Qxd5 $1 Re8 17. Qf3 Bf8 18. Be3 Qb6 19. Rac1 Rac8 20. Rc4 {[%emt 0:03:48] b4 is the strong threat.} Qe6 21. Rfc1 Nd3 (21... Nxa4 $11 {keeps the balance.} 22. Nh6+ (22. Rxa4 $2 {is a self mate.} Rxc1+ 23. Bxc1 Qe1#) 22... gxh6 23. Qg4+ Qxg4 24. Rxg4+ Bg7 25. Rxc8 Rxc8 26. Bxh6 Rc6 27. Rxg7+ Kh8) 22. Rxc8 ({Not} 22. Nxg7 $2 Bxg7 23. Rxc8 Rxc8 $19) (22. Nh6+ $1 $16 gxh6 23. Qg4+ Qxg4 24. Rxg4+ Bg7 25. Rxc8 Rxc8 26. Bxh6) 22... Rxc8 23. Rxc8 Qxc8 24. h4 Qc6 25. Qxc6 bxc6 {[%emt 0:00:04][%mdl 4096] Endgame. KBN-KBN} 26. b3 c5 27. Kf1 g6 ({Black should play} 27... f6 $14) 28. Ke2 Ne5 {[%emt 0:00:06] [#]} 29. Bf4 $1 Nc6 {[%emt 0:01:39] [#]} 30. Nd6 $1 Be7 31. g3 Nd4+ 32. Kd3 Ne6 33. Be5 {[%emt 0:01:15] Prevents Nxf4+.} f6 34. Nc8 $1 Kf7 35. Bb8 (35. Bc3 $16) 35... Nd4 $2 (35... Bd8 $1 $11 {and Black has nothing to worry.}) 36. Kc4 $18 Nc6 37. Nxe7 Kxe7 {[%emt 0:00:48] KB-KN} 38. Bc7 Kd7 39. Bb6 Ne5+ (39... f5 $142 40. Bxc5 (40. Kxc5 f4 $18) 40... Na5+ 41. Kc3 Kc7) 40. Kxc5 h5 $2 (40... Nc6 {is a better defense.} 41. b4 g5) 41. Kd5 Nc6 42. Bd4 Ne7+ 43. Kc5 Ke6 44. b4 g5 45. b5 axb5 46. axb5 {[%emt 0:00:03][%cal Ba4b5,Bb5b6][%mdl 32] Strongly threatening b6.} gxh4 47. gxh4 f5 48. b6 Kd7 49. Be5 Kc8 50. Bd6 1-0

[Event "14th Karen Asrian Memorial 2024"]
[Site "Yerevan"]
[Date "2024.05.02"]
[Round "9.4"]
[White "Ohanyan, Emin"]
[Black "Hakobyan, Erik"]
[Result "1-0"]
[ECO "E12"]
[WhiteElo "2488"]
[BlackElo "2383"]
[Annotator "TA"]
[PlyCount "77"]
[EventDate "2024.04.24"]
[EventType "swiss"]
[EventCountry "ARM"]
[SourceTitle "playchess.com"]
[Source "ChessBase"]
[SourceQuality "1"]
[TimeControl "40/5400+30:1800+30"]

1. d4 Nf6 2. Nf3 e6 3. c4 b6 4. a3 Bb7 5. Nc3 d5 6. Bf4 a6 7. e3 Nbd7 8. cxd5 exd5 {[%emt 0:03:00] The position is equal.} 9. Bd3 Be7 10. h3 O-O 11. O-O Re8 12. Rc1 c5 13. Bb1 Nf8 14. Ne5 Ne6 15. Bh2 Rc8 16. Kh1 b5 17. Ne2 Qb6 18. Qd3 (18. dxc5 $11 Rxc5 19. Rxc5 Bxc5 20. Nd3) 18... g6 (18... c4 $15 19. Qd1 a5) 19. f4 $11 Ng7 {[%emt 0:06:18] [#]} 20. f5 $1 g5 21. Nc3 cxd4 (21... h6 $11) 22. exd4 $16 (22. Qxd4 $2 {too greedy.} Bc5 23. Qd3 Bxe3 $19) 22... b4 (22... h6 $16) 23. axb4 $1 $18 Qxb4 24. Ng4 (24. Qd2 $16) 24... Qxb2 (24... Nxg4 $14 25. hxg4 f6) 25. Be5 $1 $36 {[%emt 0:01:05][%mdl 2048] White is really pushing.} Ngh5 {[%emt 0:03:01] [#]} 26. Qe3 {[%emt 0:03:16] Against Nf4. Some like it hot} ({White should try} 26. Rc2 $1 $16 Qb6 27. Na4) 26... Nxg4 $14 27. hxg4 Nf4 $1 28. Rc2 Qa3 (28... Qb6 $1 $11 {keeps the balance.} 29. g3 Nh3) 29. g3 $1 $16 Bb4 30. gxf4 {[%emt 0:00:58][%cal Oe3h3] Threatens to win with Qh3!} f6 $2 {[%emt 0:00:30] [#] Loses the game.} (30... Rxc3 $16 {is a better defense.} 31. Rxc3 Qxc3 32. Qxc3 Bxc3) 31. Nd1 $1 $18 fxe5 (31... Qxe3 32. Nxe3) 32. fxe5 h6 (32... Qxe3 33. Nxe3 Rxc2 34. Bxc2 (34. Nxc2 Bd2 $18) 34... Rb8) 33. f6 Kf7 34. Qxa3 Bxa3 35. Ne3 h5 $2 (35... Rh8 36. Re2 (36. Ra2 Bb4 $18) 36... h5) 36. Rxc8 Rxc8 37. gxh5 {[%emt 0:00:44] Black must now prevent Bg6+.} Rc3 38. Bg6+ Kf8 39. Rb1 {[%emt 0:01:08] Weighted Error Value: White=0.30/Black=0.64.  Mistake:       	White=3     	Black=8      Inaccurate:     	White=1     	Black=2      OK:         	White=8     	Black=6      Best:        	White=1     	Black=2      Strong:       	White=4     	Black=1} 1-0

[Event "14th Karen Asrian Memorial 2024"]
[Site "Yerevan"]
[Date "2024.05.02"]
[Round "9.5"]
[White "Davtyan, Artur"]
[Black "Korshunov, Sergey And."]
[Result "1/2-1/2"]
[ECO "C50"]
[WhiteElo "2474"]
[BlackElo "2286"]
[Annotator "TA"]
[PlyCount "78"]
[EventDate "2024.04.24"]
[EventType "swiss"]
[EventCountry "ARM"]
[SourceTitle "playchess.com"]
[Source "ChessBase"]
[SourceQuality "1"]
[TimeControl "40/5400+30:1800+30"]

1. e4 e5 2. Bc4 Nf6 3. d3 Bc5 4. Nf3 Nc6 5. O-O O-O 6. Bg5 h6 7. Bh4 Be7 8. Bg3 d6 9. a4 Kh8 {[%emt 0:09:29] White has an edge.} 10. c3 Nh7 11. a5 Rb8 12. d4 f5 13. exf5 (13. dxe5 $2 f4 14. exd6 cxd6 $19) 13... e4 14. Ne1 (14. Nfd2 $5) 14... d5 15. Bb3 b6 (15... Bxf5 $11 16. Nc2 Nf6) 16. axb6 (16. Nc2 $14) 16... Rxb6 $11 17. Nd2 Ba6 {[%emt 0:02:51] [#]} 18. Rxa6 $1 Rxa6 19. Nc2 (19. f3 $14 e3 20. Qe2 exd2 21. Qxa6 dxe1=R (21... dxe1=B 22. Rxe1 Nb8 23. Qxa7 $11) 22. Rxe1) 19... Bd6 (19... Rxf5 $2 20. Ne3 Rg5 21. Qe2 $18 (21. h4 Rxg3 22. fxg3 Ra5 $18)) ({Black should try} 19... Bg5 $15) 20. Bxd6 Qxd6 21. f3 (21. c4 $14) 21... exf3 $1 $15 (21... Rxf5 22. fxe4 Rxf1+ 23. Qxf1 $11) 22. Nxf3 Rb6 $36 {[%emt 0:02:07][%mdl 2048] Black is pushing.} (22... Rxf5 $6 23. Ne3 Rh5 24. Ne5 Rxe5 25. dxe5 Nxe5 26. Qxd5 (26. Bxd5 Nf6 $11) 26... Qxd5 27. Nxd5 $14 (27. Bxd5 Nf6 $11)) 23. Ne3 Nf6 24. c4 {[%emt 0:06:20] c5 would now be deadly.} Qb4 25. Ba2 ({Only move:} 25. Ba4 $1 $15) 25... Qxb2 $19 26. c5 Ra6 (26... Rb4 27. Rf2 Qc3 28. Qd2 Qxd2 29. Rxd2 $19) 27. Bxd5 Qc3 (27... Nxd5 $142 28. Nxd5 Ra2 (28... Rxf5 $2 29. Qd3 $19)) 28. Re1 Re8 (28... Rd8 $2 29. Bxc6 Rxc6 30. Qa4 $18) ({Black should play} 28... Nb4 $1 $17 29. Bc4 Ra3) 29. Be6 $15 Rd8 (29... Nb4 $5 30. Qb1 Raxe6 31. fxe6 Rxe6 $11) 30. d5 (30. Qc2 $11 {and White is okay.} Ra3 31. Qxc3 Rxc3 32. d5) 30... Ne5 $2 (30... Qxc5 31. Qc1 Qxc1 32. Rxc1) (30... Ra3 $19 31. h3 Qxc5) 31. Nxe5 $11 Qxe5 32. Nc4 $2 (32. Ng4 $1 $11 Qc3 33. Nxf6 Qxf6 (33... Qxc5+ 34. Kh1 $11) 34. Kh1) 32... Qc3 $19 33. d6 cxd6 34. cxd6 {[%emt 0:00:09] [#]} Raxd6 35. Nxd6 $11 {[%emt 0:00:01] [#] The position is equal.} Rxd6 36. Qc1 (36. Qa1 Qb4) 36... Qd4+ 37. Kh1 Ng4 38. Rf1 Rd8 {[%emt 0:00:34] ( -> ...Qe5)} (38... Nf2+ 39. Rxf2 Rxe6 (39... Qxf2 40. Qc8+) 40. fxe6) 39. Qe1 (39. h3 $5 Nf2+ 40. Kh2 $11) 39... Qe3 {[%emt 0:01:10] Weighted Error Value: White=0.41/Black=0.38.  Loses game:     	White=3     	---        Missed win:     	---       	Black=2      Mistake:       	White=3     	Black=4      Inaccurate:     	White=3     	Black=4      OK:         	White=8     	Black=11     Best:        	White=4     	Black=1      Strong:       	---       	Black=1      Brilliant:      	White=1     	---} (39... Ne3 $5 40. Rg1 Ng4 $11) 1/2-1/2

[Event "14th Karen Asrian Memorial 2024"]
[Site "Yerevan"]
[Date "2024.05.02"]
[Round "9.6"]
[White "Danielyan, Vahe"]
[Black "Manukyan, Aleks"]
[Result "1/2-1/2"]
[ECO "C90"]
[WhiteElo "2331"]
[BlackElo "2163"]
[Annotator "TA"]
[PlyCount "104"]
[EventDate "2024.04.24"]
[EventType "swiss"]
[EventCountry "ARM"]
[SourceTitle "playchess.com"]
[Source "ChessBase"]
[SourceQuality "1"]
[TimeControl "40/5400+30:1800+30"]

1. e4 e5 2. Nf3 Nc6 3. Bb5 a6 4. Ba4 Nf6 5. O-O b5 6. Bb3 Be7 7. Re1 d6 8. c3 Na5 9. Bc2 c5 10. d4 Qc7 11. d5 Nc4 12. b3 Nb6 13. Nbd2 O-O {[%emt 0:01:06] White is slightly better.} 14. Nf1 a5 15. a4 Bd7 16. Ne3 (16. axb5 $14 c4 17. bxc4) 16... c4 $11 17. axb5 (17. bxc4 $11 {is superior.} Nxc4 18. axb5) 17... cxb3 $15 18. Bxb3 Bxb5 (18... Nxe4 $15 19. c4 f5) 19. Nf5 Nc4 (19... Rfe8 $11) 20. Bxc4 $16 Bxc4 21. Nd2 {[%emt 0:07:53] White is much more active. A dynamic duo of knights.} Ba6 {[%emt 0:11:21] [#]} 22. c4 $1 Rfc8 (22... Rfe8 23. Nxe7+) 23. Ba3 (23. Nxe7+ $16 Qxe7 24. Rxa5) 23... Bf8 $14 24. Rc1 g6 25. Ne3 Nd7 26. h4 Nc5 27. Rc3 {[%emt 0:00:12] Prevents Nd3.} Rcb8 28. h5 Bc8 29. hxg6 fxg6 30. Ng4 Bg7 31. Qf3 $1 Qe7 32. Bxc5 dxc5 33. Ra1 Bd7 34. Ne3 Qd6 (34... a4 $11) 35. Qd1 a4 36. Rca3 Bh6 37. Nb1 (37. Nf3 $14) 37... Rb4 $11 38. Nc3 Bxe3 39. fxe3 Rxc4 40. Nxa4 Rcxa4 (40... Rxe4 $2 {loses.} 41. Nxc5 Rxa3 42. Nxe4 $16) 41. Rxa4 Rxa4 42. Rxa4 Bxa4 43. Qxa4 {[%emt 0:00:04][%mdl 4096] Endgame. KQ-KQ} Kf7 {[%emt 0:02:45] Repels Qe8+} 44. Qa8 (44. Kf1 $14) 44... Qe7 {[%emt 0:05:10] The position is equal.} 45. g3 c4 46. Kg2 Qc5 47. Qb7+ Kf6 48. Qa6+ Kg5 49. Qe6 Qxe3 50. Qe7+ Kh6 51. Qh4+ Kg7 {[%emt 0:00:01] [#] aiming for ...Qe2+.} 52. Qe7+ Kh6 {[%emt 0:00:02] Weighted Error Value: White=0.14 (very precise) /Black=0.18 (very precise) .  Mistake:       	White=5     	Black=3      Inaccurate:     	White=3     	Black=6      OK:         	White=15    	Black=17     Best:        	---       	Black=2      Strong:       	White=1     	---} 1/2-1/2